NWL
RENTON WRECKS @ MODESTO NUTS
07/08/1982
 
TOP OF THE 1ST
Renton Wrecks batting - Pitching for Modesto Nuts : RHP David del Cid
Pitching: RHP David del Cid
Batting: RHB Rolando Pino 0-0: Ball
1-0: Swinging Strike
1-1: Swinging Strike
1-2: Ball
2-2: Fly out, F8 (Flyball, 8RM, EV 88.1 MPH)
Batting: LHB Troy Thomas 0-0: Foul Ball, location: 2F
0-1: Foul Ball, location: 2F
0-2: Foul Ball, location: 2F
0-2: Ground out 5-3 (Groundball, 25, EV 88.8 MPH)
Batting: RHB Luis Gomez 0-0: Foul Ball, location: 2F
0-1: Fly out, F9 (Flyball, 9S, EV 80.6 MPH)
Top of the 1st over - 0 runs, 0 hits, 0 errors, 0 left on base; Renton 0 - Modesto 0
BOTTOM OF THE 1ST
Modesto Nuts batting - Pitching for Renton Wrecks : RHP James Laughton
Pitching: RHP James Laughton
Batting: RHB Mike Miller 0-0: Fly out, F7 (Flyball, 7, EV 92.5 MPH)
Batting: RHB Johnny Tutt 0-0: Ball
1-0: Ball
2-0: Reached on error, E3 (Groundball, 34S, EV 70.6 MPH)
Batting: LHB Dave McLaughlin 0-0: Ball
1-0: Foul Ball, location: 2F
1-1: Ball
2-1: Ball
3-1: Base on Balls
Johnny Tutt to second
Batting: RHB Antonio Lopez 0-0: Called Strike
Johnny Tutt steals 3rd base
Dave McLaughlin to second
0-1: Foul Ball, location: 2F
0-2: Ball
1-2: Ground out 5-3 (Groundball, 56S, EV 69.4 MPH)
Johnny Tutt scores
Dave McLaughlin to third
Batting: RHB James Cecchini 0-0: Ball
1-0: Ball
2-0: Called Strike
2-1: Foul Ball, location: 2F
2-2: Ball
3-2: Fly out, F8 (Flyball, 8RS, EV 86.9 MPH)
Bottom of the 1st over - 1 run, 0 hits, 1 error, 1 left on base; Renton 0 - Modesto 1
TOP OF THE 2ND
Renton Wrecks batting - Pitching for Modesto Nuts : RHP David del Cid
Batting: RHB Stan Holmes 0-0: Ball
1-0: Foul Ball, location: 2F
1-1: Swinging Strike
1-2: Ball
2-2: Strikes out looking
Batting: RHB Andrew Pratt 0-0: Ball
1-0: SINGLE (Line Drive, 9S, EV 105.0 MPH)
Batting: SHB Ethan Charles 0-0: Ball
1-0: Ball
2-0: Ball
3-0: Called Strike
3-1: Foul Ball, location: 2F
3-2: Base on Balls
Andrew Pratt to second
Batting: LHB Paul Thoutsis 0-0: Ball
1-0: Ball
2-0: Called Strike
2-1: Fielders Choice at 2nd, 3-6 (Groundball, 34, EV 76.3 MPH)
Andrew Pratt to third
Batting: RHB Frank Garcia 0-0: Called Strike
0-1: Swinging Strike
0-2: Ball
1-2: Ground out 4-3 (Groundball, 4, EV 77.5 MPH)
Top of the 2nd over - 0 runs, 1 hit, 0 errors, 2 left on base; Renton 0 - Modesto 1
BOTTOM OF THE 2ND
Modesto Nuts batting - Pitching for Renton Wrecks : RHP James Laughton
Batting: LHB Nelson Burciaga 0-0: Ball
1-0: Fly out, F4 (Popup, 3D, EV 58.1 MPH)
Batting: RHB Andre Lowe 0-0: Called Strike
0-1: Ball
1-1: Foul Ball, location: 2F
1-2: Ball
2-2: Strikes out looking
Batting: RHB Jesus Vila 0-0: Ball
1-0: Ball
2-0: Ball
3-0: Called Strike
3-1: Base on Balls
Batting: RHB Carlos Leal 0-0: Ball
1-0: Ball
2-0: Fly out, F6 (Flyball, 6D, EV 86.3 MPH)
Bottom of the 2nd over - 0 runs, 0 hits, 0 errors, 1 left on base; Renton 0 - Modesto 1
TOP OF THE 3RD
Renton Wrecks batting - Pitching for Modesto Nuts : RHP David del Cid
Batting: RHB Mike Knox 0-0: Ball
1-0: Ball
2-0: Called Strike
2-1: Ball
3-1: Foul Ball, location: 2F
3-2: Foul Ball, location: 2F
3-2: Fly out, F8 (Line Drive, 8LM, EV 93.8 MPH)
Batting: RHB Rolando Pino 0-0: Called Strike
0-1: Called Strike
0-2: Strikes out looking
Batting: LHB Troy Thomas 0-0: Ball
1-0: Ball
2-0: Ball
3-0: Called Strike
3-1: Base on Balls
Batting: RHB Luis Gomez 0-0: Fielders Choice at 2nd, 5-4 (Groundball, 5, EV 108.1 MPH)
Top of the 3rd over - 0 runs, 0 hits, 0 errors, 1 left on base; Renton 0 - Modesto 1
BOTTOM OF THE 3RD
Modesto Nuts batting - Pitching for Renton Wrecks : RHP James Laughton
Batting: RHB Mike Miller 0-0: Ball
1-0: Called Strike
1-1: Called Strike
1-2: Ball
2-2: SINGLE (Groundball, 4M, EV 106.9 MPH) (infield hit)
Batting: RHB Johnny Tutt 0-0: Ball
Mike Miller steals 2nd base (no throw)
1-0: Ball
2-0: Ball
3-0: Base on Balls
Batting: LHB Dave McLaughlin 0-0: Called Strike
0-1: Called Strike
0-2: Fielders Choice at 2nd, 6-4 (Groundball, 6M, EV 85.0 MPH)
Mike Miller to third
Batting: RHB Antonio Lopez 0-0: Fly out, F8 (Flyball, 8RD, EV 83.8 MPH)
Runner from 3rd tags up, SCORES, throw by CF
Batting: RHB James Cecchini 0-0: Ball
Dave McLaughlin steals 2nd base
1-0: Ground out 6-3 (Groundball, 6, EV 86.3 MPH)
Bottom of the 3rd over - 1 run, 1 hit, 0 errors, 1 left on base; Renton 0 - Modesto 2
TOP OF THE 4TH
Renton Wrecks batting - Pitching for Modesto Nuts : RHP David del Cid
Batting: RHB Stan Holmes 0-0: DOUBLE (Line Drive, 3D, EV 98.8 MPH)
Batting: RHB Andrew Pratt 0-0: Ball
1-0: Ground out 6-3 (Groundball, 6, EV 97.5 MPH)
Batting: SHB Ethan Charles 0-0: Ball
1-0: SINGLE (Groundball, 56D, EV 98.8 MPH)
Stan Holmes to third
Runner from 3rd tries for Home, SAFE, throw by LF to home
Ethan Charles to second
Batting: LHB Paul Thoutsis 0-0: Ball
1-0: Ball
2-0: Ball
3-0: Called Strike
3-1: Hit by Pitch
Batting: RHB Frank Garcia 0-0: Ball
1-0: Foul Ball, location: 2F
1-1: Ball
2-1: Foul Ball, location: 2F
2-2: Ground out 3-1 (Groundball, 34S, EV 84.4 MPH)
Ethan Charles to third
Paul Thoutsis to second
Batting: RHB Mike Knox 0-0: Swinging Strike
0-1: Foul Ball, location: 2F
0-2: Ball
1-2: Fly out, F6 (Popup, 6M, EV 61.9 MPH)
Top of the 4th over - 1 run, 2 hits, 0 errors, 2 left on base; Renton 1 - Modesto 2
BOTTOM OF THE 4TH
Modesto Nuts batting - Pitching for Renton Wrecks : RHP James Laughton
Batting: LHB Nelson Burciaga 0-0: Ball
1-0: Ground out 4-3 (Groundball, 4, EV 82.5 MPH)
Batting: RHB Andre Lowe 0-0: Ground out 6-3 (Groundball, 6, EV 82.5 MPH)
Batting: RHB Jesus Vila 0-0: Fly out, F8 (Line Drive, 8RM, EV 95.6 MPH)
Bottom of the 4th over - 0 runs, 0 hits, 0 errors, 0 left on base; Renton 1 - Modesto 2
TOP OF THE 5TH
Renton Wrecks batting - Pitching for Modesto Nuts : RHP David del Cid
Batting: RHB Rolando Pino 0-0: Called Strike
0-1: Foul Ball, location: 2F
0-2: Ball
1-2: Strikes out swinging
Batting: LHB Troy Thomas 0-0: Ball
1-0: Ball
2-0: Called Strike
2-1: Ball
3-1: Foul Ball, location: 2F
3-2: Base on Balls
Batting: RHB Luis Gomez 0-0: Fielders Choice at 2nd, 3-6 (Groundball, 3S, EV 87.5 MPH)
Batting: RHB Stan Holmes 0-0: Swinging Strike
0-1: Ball
1-1: Ball
Wild Pitch!
Luis Gomez to second
2-1: Foul Ball, location: 2F
2-2: Reached on error, E4 (Groundball, 4M, EV 89.4 MPH)
Luis Gomez scores
Batting: RHB Andrew Pratt 0-0: Ball
1-0: Called Strike
1-1: Foul Ball, location: 2F
1-2: Ball
2-2: Strikes out swinging
Top of the 5th over - 1 run, 0 hits, 1 error, 1 left on base; Renton 2 - Modesto 2
BOTTOM OF THE 5TH
Modesto Nuts batting - Pitching for Renton Wrecks : RHP James Laughton
Batting: RHB Carlos Leal 0-0: Fly out, F7 (Flyball, 7D, EV 99.4 MPH)
Batting: RHB Mike Miller 0-0: Ball
1-0: Fly out, F8 (Line Drive, 8RM, EV 93.8 MPH)
Batting: RHB Johnny Tutt 0-0: Ground out 5-3 (Groundball, 56S, EV 80.6 MPH)
Bottom of the 5th over - 0 runs, 0 hits, 0 errors, 0 left on base; Renton 2 - Modesto 2
TOP OF THE 6TH
Renton Wrecks batting - Pitching for Modesto Nuts : RHP David del Cid
Batting: SHB Ethan Charles 0-0: Ball
1-0: Ball
2-0: Called Strike
2-1: Swinging Strike
2-2: Ground out 5-3 (Groundball, 56S, EV 86.9 MPH)
Batting: LHB Paul Thoutsis 0-0: Ball
1-0: Foul Ball, location: 2F
1-1: Ball
2-1: SINGLE (Line Drive, 4MD, EV 96.9 MPH)
Pitching: RHP Kyle Hartshorn
Batting: RHB Frank Garcia 0-0: Ball
1-0: Ball
2-0: Called Strike
2-1: 2-RUN HOME RUN (Flyball, 7LD, EV 102.5 MPH), Distance : 357 ft
Batting: RHB Mike Knox 0-0: Ball
1-0: Swinging Strike
1-1: Swinging Strike
1-2: Ball
2-2: Strikes out swinging
Batting: RHB Rolando Pino 0-0: Foul Ball, location: 2F
0-1: Ball
1-1: Swinging Strike
1-2: Fly out, F7 (Flyball, 7D, EV 107.5 MPH)
Top of the 6th over - 2 runs, 2 hits, 0 errors, 0 left on base; Renton 4 - Modesto 2
BOTTOM OF THE 6TH
Modesto Nuts batting - Pitching for Renton Wrecks : RHP James Laughton
Batting: LHB Dave McLaughlin 0-0: Ball
1-0: Called Strike
1-1: Ball
2-1: Ground out 6-3 (Groundball, 56, EV 95.6 MPH)
Batting: RHB Antonio Lopez 0-0: SINGLE (Flyball, 89S, EV 96.3 MPH)
Batting: RHB James Cecchini 0-0: Ball
1-0: Grounds into double play, 4-6-3 (Groundball, 4MS, EV 81.9 MPH)
Bottom of the 6th over - 0 runs, 1 hit, 0 errors, 0 left on base; Renton 4 - Modesto 2
TOP OF THE 7TH
Renton Wrecks batting - Pitching for Modesto Nuts : RHP Kyle Hartshorn
Batting: LHB Troy Thomas 0-0: Called Strike
0-1: Foul Ball, location: 2F
0-2: SINGLE (Line Drive, 89S, EV 92.5 MPH)
Batting: RHB Luis Gomez 0-0: Fly out, F3 (Popup, 3SF, EV 65.6 MPH)
Batting: RHB Stan Holmes 0-0: Grounds into double play, 4-6-3 (Groundball, 34, EV 88.1 MPH)
Top of the 7th over - 0 runs, 1 hit, 0 errors, 0 left on base; Renton 4 - Modesto 2
BOTTOM OF THE 7TH
Modesto Nuts batting - Pitching for Renton Wrecks : RHP James Laughton
Batting: LHB Nelson Burciaga 0-0: Swinging Strike
0-1: Swinging Strike
0-2: Ball
1-2: Strikes out swinging
Batting: RHB Andre Lowe 0-0: Foul Ball, location: 2F
0-1: Ball
1-1: Foul Ball, location: 2F
1-2: Ball
2-2: Ground out 6-3 (Groundball, 6, EV 102.5 MPH)
Batting: RHB Jesus Vila 0-0: Called Strike
0-1: Swinging Strike
0-2: Ball
1-2: Ball
2-2: Foul Ball, location: 2F
2-2: Fly out, F4 (Flyball, 4D, EV 88.1 MPH)
Bottom of the 7th over - 0 runs, 0 hits, 0 errors, 0 left on base; Renton 4 - Modesto 2
TOP OF THE 8TH
Renton Wrecks batting - Pitching for Modesto Nuts : RHP Kyle Hartshorn
Batting: RHB Andrew Pratt 0-0: Ball
1-0: SINGLE (Line Drive, 89S, EV 93.8 MPH)
Batting: SHB Ethan Charles 0-0: Sac Bunt to 23 - play at first, batter safe!
Andrew Pratt to second
Batting: LHB Paul Thoutsis 0-0: Ball
1-0: Ball
2-0: Called Strike
2-1: Grounds into double play, 4-6-3 (Groundball, 4, EV 81.3 MPH)
Andrew Pratt to third
Batting: RHB Frank Garcia 0-0: Ball
1-0: Swinging Strike
1-1: Ball
2-1: Swinging Strike
2-2: Ball
3-2: Base on Balls
Batting: RHB Mike Knox 0-0: Fly out, F3 (Popup, 3S, EV 73.1 MPH)
Top of the 8th over - 0 runs, 2 hits, 0 errors, 2 left on base; Renton 4 - Modesto 2
BOTTOM OF THE 8TH
Modesto Nuts batting - Pitching for Renton Wrecks : RHP James Laughton
Batting: RHB Carlos Leal 0-0: Ball
1-0: Ball
2-0: Ball
3-0: Base on Balls
Batting: RHB Mike Miller 0-0: Fielders Choice at 2nd, 4-6 (Groundball, 4, EV 92.5 MPH)
Batting: RHB Johnny Tutt 0-0: Ball
1-0: Foul Ball, location: 2F
1-1: Fly out, F8 (Line Drive, 8RM, EV 92.5 MPH)
Batting: LHB Dave McLaughlin 0-0: Ball
1-0: Ball
2-0: Ball
3-0: Called Strike
3-1: Fielders Choice at 2nd, U4 (Groundball, 4M, EV 110.0 MPH)
Bottom of the 8th over - 0 runs, 0 hits, 0 errors, 1 left on base; Renton 4 - Modesto 2
TOP OF THE 9TH
Renton Wrecks batting - Pitching for Modesto Nuts : RHP Kyle Hartshorn
Batting: RHB Rolando Pino 0-0: Called Strike
0-1: Foul Ball, location: 2F
0-2: Ball
1-2: Ball
2-2: Ball
3-2: Base on Balls
Batting: LHB Troy Thomas 0-0: Ball
1-0: Ball
2-0: Swinging Strike
2-1: Called Strike
2-2: Strikes out swinging
Batting: RHB Luis Gomez 0-0: Called Strike
0-1: Ball
1-1: Ball
2-1: Foul Ball, location: 2F
2-2: Foul Ball, location: 2F
2-2: DOUBLE (Line Drive, 9LS, EV 93.8 MPH)
Rolando Pino to third
Pitching: RHP Glenn Ray
Batting: RHB Stan Holmes 0-0: Ball
1-0: Swinging Strike
1-1: SINGLE (Line Drive, 4MD, EV 100.6 MPH)
Rolando Pino scores
Luis Gomez to third
Runner from 3rd tries for Home, SAFE, throw by CF to home
Batting: RHB Andrew Pratt 0-0: Ball
1-0: Ball
2-0: Called Strike
2-1: Ball
3-1: Swinging Strike
3-2: Foul Ball, location: 2F
3-2: Foul Ball, location: 2F
3-2: Foul Ball, location: 2F
3-2: Foul Ball, location: 2F
3-2: Fielders Choice at 2nd, 3-6 (Groundball, 34S, EV 91.3 MPH)
Batting: SHB Ethan Charles 0-0: Called Strike
0-1: SINGLE (Flyball, 89S, EV 82.5 MPH)
Andrew Pratt to second
Runner from 2nd tries for 3rd, SAFE, throw by RF made to third
Batting: LHB Paul Thoutsis 0-0: Ball
1-0: Ball
2-0: Fly out, F9 (Flyball, 9LM, EV 84.4 MPH)
Top of the 9th over - 2 runs, 3 hits, 0 errors, 2 left on base; Renton 6 - Modesto 2
BOTTOM OF THE 9TH
Modesto Nuts batting - Pitching for Renton Wrecks : RHP James Laughton
Batting: RHB Antonio Lopez 0-0: Ground out U3 (Groundball, 3S, EV 83.8 MPH)
Batting: RHB James Cecchini 0-0: Ball
1-0: Ball
2-0: Ground out 6-3 (Groundball, 6, EV 85.0 MPH)
Batting: LHB Nelson Burciaga 0-0: Fly out, F8 (Flyball, 8RD, EV 92.5 MPH)
Bottom of the 9th over - 0 runs, 0 hits, 0 errors, 0 left on base; Renton 6 - Modesto 2
Thursday, August 13th, 2020 - OOTP Baseball 21.5 Build 76